 Dungeon Crawl Stone Soup version 0.26.1-11-gd32895ea62 (webtiles) character file.

Game seed: 16923026614451779178

697 phineasyahuda the Slinger (level 7, -4/45 HPs)
             Began as a Halfling Hunter on May 9, 2021.
             Was an Initiate of Dithmenos.
             Engulfed by an orc wizard's steam (8 damage)
             ... on level 4 of the Dungeon.
             The game lasted 01:03:54 (4742 turns).

phineasyahuda the Slinger (Halfling Hunter)         Turns: 4742, Time: 01:03:55

Health: -4/45      AC:  4    Str: 13    XL:     7   Next: 97%
Magic:  7/7        EV: 15    Int:  9    God:    Dithmenos [......]
Gold:   263        SH:  0    Dex: 23    Spells: 6/6 levels left

rFire    . . .     SeeInvis .   a - +1 hunting sling
rCold    . . .     Faith    .   (shield restricted)
rNeg     . . .     Spirit   .   c - +1 leather armour
rPois    .         Reflect  .   (no helmet)
rElec    .         Harm     .   (no cloak)
rCorr    .         Rampage  .   (no gloves)
Will     .....                  (no boots)
Stlth    ++........             (no amulet)
HPRegen  0.15/turn              n - +6 ring of dexterity
MPRegen  0.10/turn              (no ring)

@: mighty, brilliant, very slow
A: small, mutation resistance 1
a: Renounce Religion


You were on level 4 of the Dungeon.
You worshipped Dithmenos.
Dithmenos was noncommittal.
You visited 1 branch of the dungeon, and saw 4 of its levels.

You collected 263 gold pieces.

Inventory:

Hand Weapons
 a - a +1 hunting sling (weapon)
 b - a +0 short sword
 m - a +0 dagger
Missiles
 i - 103 stones (quivered ammo)
Armour
 c - a +1 leather armour (worn)
Jewellery
 n - a +6 ring of dexterity (left hand)
Scrolls
 e - a scroll of remove curse
 j - a scroll of teleportation
 k - 2 scrolls of identify
 l - a scroll of fog
 p - a scroll of fear {unknown}
 r - a scroll of amnesia
Potions
 h - a potion of flight
 o - a potion of might


   Skills:
 - Level 2.1 Fighting
 + Level 9.0 Slings
 + Level 2.1 Armour
 + Level 2.5 Dodging
 * Level 7.1 Stealth


You had 6 spell levels left.
You didn't know any spells.
Your spell library was empty.

Dungeon Overview and Level Annotations

Branches:
Dungeon (4/15)
 Temple: D:4-7

Altars:
Dithmenos
Elyvilon
Gozag
Hepliaklqana
Ru


Innate Abilities, Weirdness & Mutations

You are small and have problems with some larger weapons.
You are somewhat resistant to further mutation.


Message History

Something hits you but does no damage. Something hits you.
* * * LOW HITPOINT WARNING * * *
Something barely misses you. Something hits you.
* * * LOW HITPOINT WARNING * * *
Unknown command.
Something hits you.
* * * LOW HITPOINT WARNING * * *
There is a strange disturbance nearby!
There is a strange disturbance nearby!
Something hits you.
* * * LOW HITPOINT WARNING * * *
You see here a stone.
You hear some strange, mumbled words.
A puff of flame appears from out of thin air!
The puff of flame misses you.
You see here a stone.
i - 103 stones (gained 1)
You are engulfed in a cloud of scalding steam.
You die...

.. #.# .# ♣♣♣ ###.####
#.# ♣♣♣.♣♣♣ ♣♣......
... ♣♣.....♣♣
♣♣.....###.#
♣.......♣♣♣..........#
...≈≈≈...♣...≈≈≈.(.(#
..≈≈≈≈≈.....≈≈≈≈≈(.(#
..≈≈_≈≈.....≈≈♣{@...#
..≈≈≈≈≈.....≈≈(≈≈.(##
...≈≈≈...♣.[.≈(≈(..#
♣.......♣♣♣..()(((##
♣♣.....♣♣ ♣♣.)...##
♣♣♣.♣♣♣ ♣♣##### ♣♣♣
###


There were no monsters in sight!

Vanquished Creatures
  4 ogres
  A centaur zombie (D:3)
  A hound (D:4)
  An orc priest (D:4)
  An orc wizard (D:4)
  Terence (D:3)
  4 gnolls (D:2)
  6 adders
  A river rat (D:3)
  An ooze (D:4)
  3 worms (D:3)
  2 dart slugs (D:2)
  2 leopard geckos
  8 orcs
  6 bats
  4 giant cockroaches
  5 goblins (D:1)
  11 hobgoblins
  12 jackals
  9 kobolds
  5 quokkas
  6 frilled lizards
  A leopard gecko skeleton (D:4)
  7 rats
102 creatures vanquished.

Vanquished Creatures (others)
  An orc (D:4)
1 creature vanquished.

Grand Total: 103 creatures vanquished

Notes
Turn   | Place    | Note
-------+----------+-------------------------------------------
     0 | D:1      | phineasyahuda the Halfling Hunter began the quest for the
                  | Orb.
     0 | D:1      | Reached XP level 1. HP: 14/14 MP: 1/1
   208 | D:1      | Reached skill level 6 in Slings
   214 | D:1      | Reached XP level 2. HP: 10/19 MP: 2/2
   598 | D:1      | Reached XP level 3. HP: 24/24 MP: 3/3
  1285 | D:2      | Noticed an ogre
  1302 | D:1      | Killed an ogre
  1303 | D:1      | Reached skill level 5 in Stealth
  1303 | D:1      | Reached XP level 4. HP: 18/29 MP: 4/4
  1303 | D:1      | Reached XP level 5. HP: 21/34 MP: 5/5
  1863 | D:2      | Reached XP level 6. HP: 27/39 MP: 6/6
  2631 | D:2      | Found a faded altar of an unknown god.
  3639 | D:3      | Reached skill level 1 in Armour
  3779 | D:3      | Reached skill level 7 in Slings
  3846 | D:3      | Noticed Terence
  3874 | D:3      | Killed Terence
  4154 | D:3      | Found a faded altar of an unknown god.
  4154 | D:3      | Found an opulent altar of Gozag.
  4159 | D:3      | Found a faded altar of an unknown god.
  4166 | D:3      | Found a hazy altar of Hepliaklqana.
  4168 | D:3      | Found a shadowy altar of Dithmenos.
  4182 | D:3      | Became a worshipper of Dithmenos the Shadowed
  4320 | D:4      | Noticed an ogre
  4328 | D:4      | Killed an ogre
  4329 | D:4      | Reached XP level 7. HP: 38/45 MP: 7/7
  4443 | D:4      | Reached skill level 8 in Slings
  4470 | D:4      | Found a white marble altar of Elyvilon.
  4503 | D:4      | Found a sacrificial altar of Ru.
  4733 | D:4      | Reached skill level 9 in Slings
  4742 | D:4      | Engulfed by an orc wizard's steam

Illustrated notes

Levels and vault maps discovered:
D:1:      minmay_arrival_nine_rooms, layout_basic
D:2:      minmay_chambers_of_ones, layout_basic,
          chequers_ecumenical_altar_simple_redux
D:3:      layout_loops_corners, chequers_temple_overflow_minitemple,
          gup_sewer_entry_bowl, dk_vineyard_1, roderic_serpentine_path,
          uniq_terence
D:4:      layout_loops_cross, elyvilon_altar_3,
          nicolae_ru_great_annihilating_truth, minmay_shop_mass,
          lemuel_flame_loot_1

Skill      XL: |  1  2  3  4  5  6  7 |
---------------+----------------------+-----
Slings         | 6 7 9 |  9.0
Stealth        | 2 5 6 7 |  7.1
Armour         | 1 2 |  2.1
Fighting       | 2 |  2.1
Dodging        | |  2.5

Action                   |  1- 3 |  4- 6 |  7- 9 || total
-------------------------+-------+-------+-------++-------
 Fire: Hunting sling     |    71 |   220 |    85 ||   376
  Use: Scroll            |     3 |     5 |       ||     8
       Potion            |     1 |     4 |     3 ||     8
Armor: Leather armour    |     2 |     9 |    11 ||    22
Dodge: Dodged            |    13 |    42 |    31 ||    86
